 Dungeon Crawl Stone Soup version 0.29-a0-393-g47a863cc1b (webtiles) character file.

Game seed: 9709838002447141689

606 ytrimaz the Cutter (level 7, -4/81 HPs)
             Began as a Demonspawn Fighter on May 9, 2022.
             Slain by a gnoll
             ... wielding a +0 spear
              (6 damage)
             ... on level 4 of the Dungeon.
             The game lasted 00:04:01 (4033 turns).

ytrimaz the Cutter (Demonspawn Fighter)             Turns: 4033, Time: 00:04:02

Health: -4/81      AC: 23    Str: 19    XL:     7   Next: 19%
Magic:  7/7        EV:  2    Int:  9    God:
Gold:   171        SH:  5    Dex: 12    Spells: 6/6 levels left

rFire   + . .      SeeInvis .   a - +3 rapier
rCold   + . .      Faith    .   c - +0 buckler
rNeg    . . .      Spirit   .   (body armour currently unavailable)
rPois   +          Reflect  .   (helmet currently unavailable)
rElec   +          Harm     .   (cloak currently unavailable)
rCorr   +          Rampage  .   (gloves currently unavailable)
Will    +....      NoTele   +   (boots currently unavailable)
Stlth   +.........              (no amulet)
HPRegen 0.23/turn               (no ring)
MPRegen 0.10/turn               (no ring)

@: tree-form, resistant, hasted, very quick
A: stationary, stasis, torment immunity, boosted hp, (claws 1), (yellow scales
3), strong-willed 1, (teleportitis 1)
a: no special abilities


You were on level 4 of the Dungeon.
You were a tree.
You visited 1 branch of the dungeon, and saw 4 of its levels.

You collected 171 gold pieces.

Inventory:

Hand Weapons
 a - a +3 rapier (weapon)
 d - a +1 dagger of venom
Armour
 b - a +0 scale mail (melded)
 c - a +0 buckler (worn)
 g - a scarf of harm
 j - a +0 pair of boots (melded)
 n - a +0 pair of gloves (melded)
Wands
 o - a wand of flame (13)
Scrolls
 h - 2 scrolls of teleportation
Potions
 i - 2 potions of flight
 m - 2 potions of lignification


   Skills:
 + Level 4.1 Fighting
 + Level 5.0 Short Blades
 + Level 4.3 Armour
 + Level 3.9 Shields


You had 6 spell levels left.
You didn't know any spells.
Your spell library contained the following spells:

 Spells                   Type           Power      Damage    Failure   Level
 Gell's Gravitas          Tloc           0%         N/A       83%         3
 Summon Guardian Golem    Hex/Summ       0%         N/A       83%         3
 Teleport Other           Tloc           0%         N/A       83%         3
 Dispersal                Tloc           0%         N/A       100%        6
 Orb of Destruction       Conj           0%         9d5       100%        7
 Spellforged Servitor     Conj/Summ      0%         N/A       100%        7


Dungeon Overview and Level Annotations

Branches:
Dungeon (4/15)
 Temple: D:4-7

Altars:
Cheibriados
Hepliaklqana
Kikubaaqudgha
Qazlal
The Shining One


Innate Abilities, Weirdness & Mutations

You are a tree.
Your roots penetrate the ground, keeping you stationary.
You cannot be teleported.
You are immune to unholy pain and torment.
Your maximum health is greatly increased.
Your equipment is partially melded.
((You have sharp fingernails.))
((You are completely covered in yellow scales. (AC +4, rCorr)))
You are strong-willed. (Will+)
((You are occasionally teleported next to monsters.))


Message History

You hit the hobgoblin.
The hobgoblin is almost dead.
The gnoll hits you but does no damage.
The hobgoblin hits you but does no damage.
Unknown command.
You feel better. The gnoll barely misses you. You block the hobgoblin's attack.
Okay, then.
You puncture the hobgoblin!
You kill the hobgoblin!
You cannot move.
You cannot move.
Unknown command.
Unknown command.
The gnoll hits you but does no damage.
You hit the gnoll.
The gnoll is lightly wounded.
You hit the gnoll but do no damage.
The gnoll is lightly wounded.
The gnoll hits you but does no damage. x3
Unknown command.
You barely miss the gnoll.
The gnoll is lightly wounded.
The gnoll hits you with a +0 club.
* * * LOW HITPOINT WARNING * * *
The gnoll hits you but does no damage. x2
You puncture the gnoll!
The gnoll is almost dead.
The gnoll hits you from afar with a +0 halberd.
* * * LOW HITPOINT WARNING * * *
The gnoll hits you from afar with a +0 spear.
* * * LOW HITPOINT WARNING * * *
You completely miss the gnoll.
Unknown command.
You closely miss the gnoll.
The gnoll is almost dead.
The gnoll hits you with a +0 club.
* * * LOW HITPOINT WARNING * * *
You block the gnoll's attack.
The gnoll hits you from afar with a +0 spear.
You die...

.≈≈≈≈.≈≈≈≈≈.≈
≈≈≈≈≈≈≈≈≈≈≈≈
≈≈≈≈≈≈≈≈≈≈≈≈
≈≈≈≈≈≈≈≈≈≈≈≈ #####
###############$$$#
##......#$$$#
##.......#ggg
#........##g#
#.........g♣#
+...........#
#...(.......#
#..÷)....##+#
##.......#
##......# ########


You could see 4 gnolls and a hobgoblin.

Vanquished Creatures
  Duvessa (D:4)
  2 kobold brigands (D:4)
  A scorpion (D:4)
  Dowan (D:4)
  A hound (D:4)
  An iguana (D:4)
  5 gnolls (D:4)
  6 adders
  3 worms (D:2)
  A dart slug (D:3)
  An orc (D:3)
  7 bats
  5 endoplasms
  A giant cockroach (D:3)
  9 goblins
  6 hobgoblins
  4 jackals (D:3)
  A quokka (D:3)
  6 ball pythons
  6 frilled lizards
  24 kobolds
  4 rats
96 creatures vanquished.

Vanquished Creatures (others)
  A human (D:3)
1 creature vanquished.

Grand Total: 97 creatures vanquished

Notes
Turn   | Place    | Note
-------+----------+-------------------------------------------
     0 | D:1      | ytrimaz the Demonspawn Fighter began the quest for the Orb.
     0 | D:1      | Reached XP level 1. HP: 18/18 MP: 1/1
   416 | D:1      | Found a faded altar of an unknown god.
   445 | D:1      | Gained mutation: You are partially covered in yellow
                  | scales. (AC +2) [demonic ancestry]
   445 | D:1      | Reached XP level 2. HP: 8/24 MP: 2/2
   679 | D:1      | Reached skill level 2 in Short Blades
  1394 | D:2      | Gained mutation: You are mostly covered in yellow scales.
                  | (AC +3) [demonic ancestry]
  1394 | D:2      | Reached XP level 3. HP: 25/29 MP: 3/3
  2057 | D:2      | Reached XP level 4. HP: 35/35 MP: 4/4
  2376 | D:3      | Reached skill level 3 in Short Blades
  2537 | D:3      | Found an ancient bone altar of Kikubaaqudgha.
  2539 | D:3      | Noticed a human
  2541 | D:3      | Killed a human
  2629 | D:3      | Found a stormy altar of Qazlal.
  3068 | D:4      | Noticed Duvessa
  3068 | D:4      | Noticed Dowan
  3083 | D:4      | Reached XP level 5. HP: 41/41 MP: 5/5
  3087 | D:4      | Killed Duvessa
  3097 | D:4      | Killed Dowan
  3098 | D:4      | Reached skill level 4 in Short Blades
  3098 | D:4      | Gained mutation: You have sharp fingernails. [demonic
                  | ancestry]
  3098 | D:4      | Reached XP level 6. HP: 5/48 MP: 6/6
  3098 | D:4      | HP: 2/48 [poisoned by Dowan]
  3101 | D:4      | Gained mutation: You are occasionally teleported next to
                  | monsters. [potion of mutation]
  3101 | D:4      | Gained mutation: You are strong-willed. (Will+) [potion of
                  | mutation]
  3117 | D:4      | Found a snail-covered altar of Cheibriados.
  3254 | D:4      | Found a hazy altar of Hepliaklqana.
  3595 | D:4      | Gained mutation: You are completely covered in yellow
                  | scales. (AC +4, rCorr) [demonic ancestry]
  3595 | D:4      | Reached XP level 7. HP: 50/54 MP: 7/7
  3756 | D:4      | Reached skill level 5 in Short Blades
  4033 | D:4      | HP: 2/81 [gnoll/+0 club (4)]
  4033 | D:4      | Slain by a gnoll

Illustrated notes

Levels and vault maps discovered:
D:1:      co_arrival_square_in_a_square_in_a_square, layout_basic,
          shapermc_ecumenical_altar_petra
D:2:      layout_basic, minmay_misc_feat_roman
D:3:      layout_loops_ring, tgw_kikubaaqudgha, gammafunk_temple_overflow_wave
D:4:      minmay_goblin_kobold_castle, layout_cave_pools, slow_altar_2,
          kennysheep_mini, gammafunk_temple_overflow_claw, uniq_duvessa

Skill      XL: |  1  2  3  4  5  6  7 |
---------------+----------------------+-----
Short Blades   | 2 3 4 5 |  5.0
Armour         | 3 4 |  4.3
Shields        | 3 |  3.9
Fighting       | 4 |  4.1

Action                   |  1- 3 |  4- 6 |  7- 9 || total
-------------------------+-------+-------+-------++-------
Melee: Rapier            |   110 |   136 |    73 ||   319
  Use: Scroll            |     8 |     2 |     1 ||    11
       Potion            |       |     7 |     4 ||    11
Armor: Scale mail        |    55 |    68 |    42 ||   165
       Skin              |       |       |    14 ||    14
Dodge: Dodged            |    61 |    52 |    55 ||   168
Block: Buckler           |    22 |    39 |    31 ||    92

Table legend: (Time is in decaauts)
 A = Elapsed time spent in this place.
 B = Non-inter-level travel time spent in this place.
 C = Inter-level travel time spent in this place.
 D = Time resting spent in this place.
 E = Time spent auto-exploring this place.
 F = Levels seen in this place.
 G = Mean time per level.
                   A        B        C        D        E       F      G
               +--------+--------+--------+--------+--------+-----+--------+
         Total |   4053 |   3887 |    166 |     78 |   3082 |   4 | 1013.2 |
       Dungeon |   4053 |   3887 |    166 |     78 |   3082 |   4 | 1013.2 |
               +--------+--------+--------+--------+--------+-----+--------+

Top non-repeatable levels by time:
     D:1: 1309 daAuts
     D:4: 1261 daAuts
     D:2: 808 daAuts
     D:3: 673 daAuts
